 Dungeon Crawl Stone Soup version 0.29.0-4-gdea44cf6ec (webtiles) character file.

Game seed: 3236339489543357614

11 qw the Chopper (level 2, -2/17 HPs)
             Began as a Tengu Warper on Aug 28, 2022.
             Slain by a jackal (3 damage)
             ... on level 1 of the Dungeon.
             The game lasted 00:00:01 (201 turns).

qw the Chopper (Tengu Warper)                        Turns: 201, Time: 00:00:01

Health: -2/17      AC:  3    Str: 11    XL:     2   Next: 25%
Magic:  6/6        EV:  8    Int: 13    God:
Gold:   3          SH:  0    Dex: 13    Spells: 5/5 levels left

rFire   . . .      SeeInvis .   a - +0 hand axe
rCold   . . .      Faith    .   (no shield)
rNeg    . . .      Spirit   .   b - +0 leather armour
rPois   .          Reflect  .   (helmet restricted)
rElec   .          Harm     .   (no cloak)
rCorr   .          Rampage  .   (no gloves)
Will    .....                   (boots unavailable)
Stlth   +.........              (no amulet)
HPRegen 0.05/turn               (no ring)
MPRegen 0.10/turn               (no ring)

@: constricted
A: beak, talons 3
a: no special abilities


You were on level 1 of the Dungeon.
You visited 1 branch of the dungeon, and saw 1 of its levels.

You collected 3 gold pieces.


Innate Abilities, Weirdness & Mutations

You have a beak for a mouth.
You have claws for feet.


   Skills:
 - Level 2.0 Fighting
 + Level 3.2 Axes
 - Level 1.0 Throwing
 - Level 1.1 Armour
 - Level 2.1 Dodging
 - Level 2.0 Spellcasting
 - Level 2.4 Translocations


You had 5 spell levels left.
You didn't know any spells.
Your spell library contained the following spells:

 Spells                   Type           Power      Damage    Failure   Level
 Blink                    Tloc           14%        N/A       19%         2
 Gell's Gravitas          Tloc           7%         N/A       36%         3
 Lesser Beckoning         Tloc           7%         N/A       36%         3
 Teleport Other           Tloc           7%         N/A       36%         3
 Manifold Assault         Tloc           7%         N/A       98%         5

Inventory:

Hand Weapons
 a - a +0 hand axe (weapon)
Armour
 b - a +0 leather armour (worn)
Jewellery
 e - a +6 ring of intelligence
Scrolls
 c - a scroll of blinking
 f - a scroll of noise {unknown}
Potions
 d - a potion of curing {unknown}

Dungeon Overview and Level Annotations

Branches:
Dungeon (1/15)

Altars:


Message History

The jackal bites you but does no damage.
The jackal barely misses you. The hobgoblin barely misses you.
The jackal bites you.
You barely miss the hobgoblin. You peck the hobgoblin.
You kill the hobgoblin!
You hit the jackal.
You kill the jackal!
You barely miss the jackal. You hit the jackal.
The jackal barely misses you. x2
The jackal bites you but does no damage.
The jackal barely misses you.
Your Axes skill increases to level 3!
You have reached level 2!
You closely miss the jackal. You claw the jackal.
You kill the jackal!
You closely miss the jackal. x2
The jackal bites you but does no damage.
The jackal barely misses you. The jackal completely misses you.
You barely miss the jackal.
The jackal is almost dead.
You hit the jackal but do no damage. The jackal misses you.
The jackal barely misses you.
The jackal bites you but does no damage.
The ball python closely misses you. The ball python barely misses you.
You hit the jackal.
You kill the jackal!
You hit the jackal but do no damage. You hit the ball python.
The jackal barely misses you. The ball python bites you.
The ball python closely misses you. The jackal barely misses you.
You hit the ball python but do no damage.
The ball python is heavily wounded.
You completely miss the jackal.
The ball python bites you but does no damage.
The ball python grabs you. The ball python constricts you.
The jackal bites you but does no damage.
The ball python bites you. The ball python constricts you.
You closely miss the ball python.
The ball python is heavily wounded.
You closely miss the jackal. The jackal bites you.
You die...

#.########...%...^^.
#.# ###%......^ #.#
##..^.... #.#####
##.....# #.....#
#####...## #####.#
#.# ##.#.# #.# #.#
#.#.# ###.# #.#
#.#.# #@S.#
#.####.#.# #%h%..#
#........# #.#.#.#
######.### #.....#
#.# #.#.... #.#
....#.#. #.###
#.#.....# #....
....#.... #.### #.#


You could see a jackal and a ball python.

Vanquished Creatures
  A worm (D:1)
  A hobgoblin (D:1)
  3 jackals (D:1)
  A bat (D:1)
  A frilled lizard (D:1)
  A rat (D:1)
8 creatures vanquished.

Notes
Turn   | Place    | Note
-------+----------+-------------------------------------------
     0 | D:1      | qw the Tengu Warper began the quest for the Orb.
     0 | D:1      | Reached XP level 1. HP: 12/12 MP: 4/4
     0 | D:1      | 0 ||| qw: Version: 0.1-a-89-g26bdef1
     0 | D:1      | 0 ||| qw: Game counter: 573
     0 | D:1      | 0 ||| qw: Always use a shield: true
     0 | D:1      | 0 ||| qw: God list: Okawaru
     0 | D:1      | 0 ||| qw: Allow faded altars: false
     0 | D:1      | 0 ||| qw: Do Orc after D:15 true
     0 | D:1      | 0 ||| qw: Do second Lair branch before Depths: true
     0 | D:1      | 0 ||| qw: Lair rune preference: random
     0 | D:1      | 0 ||| qw: Plans: Normal
     0 | D:1      | 0 ||| PLANNING D:1-11
   188 | D:1      | 188 ||| Stepping ~*~*~tactically~*~*~ (stealth).
   189 | D:1      | 189 ||| Stepping ~*~*~tactically~*~*~ (stealth).
   194 | D:1      | HP: 3/12 [hobgoblin (3)]
   197 | D:1      | Reached skill level 3 in Axes
   197 | D:1      | Reached XP level 2. HP: 4/17 MP: 6/6
   199 | D:1      | HP: 3/17 [ball python (1)]
   200 | D:1      | HP: 1/17 [ball python (2)]
   201 | D:1      | Slain by a jackal

Levels and vault maps discovered:
D:1:      minmay_arrival_shattered_statue, layout_loops_ring,
          chequers_ecumenical_altar_grove, hangedman_decor_points,
          minmay_misc_feat_five, nicolae_wormholes

Skill      XL: |  1 |
---------------+----+-----
Axes           | 3 |  3.2
Fighting       | |  2.0
Throwing       | |  1.0
Armour         | |  1.1
Dodging        | |  2.1
Spellcasting   | |  2.0
Translocations | |  2.4

Action                   || total
-------------------------++-------
Melee: Hand axe          ||    16
       Kick              ||     2
       Peck              ||     1
Throw: Boomerang         ||     7
Armor: Leather armour    ||     9
Dodge: Dodged            ||    24

Table legend:
 A = Non-vault XP
 B = Vault XP
 C = Vault XP percentage of total XP
 D = Non-vault monster count
 E = Vault monster count
 F = Vault count percentage of total count
                 A         B        C        D         E       F
            +---------+---------+-------+---------+---------+-------
      Total |      11 |       5 |  31.2 |       7 |       1 |  12.5
            +---------+---------+-------+---------+---------+-------
        D:1 |      11 |       5 |  31.2 |       7 |       1 |  12.5
            +---------+---------+-------+---------+---------+-------
